 Dungeon Crawl Stone Soup version 0.29-a0-409-gd843f3a (webtiles) character file.

Game seed: 11342501644977848691

741 Illumine the Quickloader (level 7, 0/55 HPs)
             Began as a Barachi Hunter on May 13, 2022.
             Was a Follower of Ru.
             Slain by Prince Ribbit (2 damage)
             ... on level 5 of the Dungeon.
             The game lasted 00:10:34 (5661 turns).

Illumine the Quickloader (Barachi Hunter)           Turns: 5661, Time: 00:10:35

Health: 0/55       AC:  4    Str: 12    XL:     7   Next: 75%
Magic:  7/7        EV: 13    Int:  9    God:    Ru [*.....]
Gold:   250        SH:  0    Dex: 18    Spells: 6/6 levels left

rFire   + . .      SeeInvis .   a - +1 hand crossbow
rCold   . . .      Faith    .   (no shield)
rNeg    . . .      Spirit   .   b - +0 leather armour
rPois   .          Reflect  .   h - +0 helmet
rElec   .          Harm     .   (no cloak)
rCorr   +          Rampage  .   (no gloves)
Will    .....                   (no boots)
Stlth   ++........              (no amulet)
HPRegen 0.18/turn               f - ring of resist corrosion
MPRegen 0.10/turn               o - ring of protection from fire

@: unable to hop, hasted, unable to read, quick
A: amphibious, slowness 1, inability to read while threatened, strong legs 1,
+LOS
a: Hop, Renounce Religion


You were on level 5 of the Dungeon.
You worshipped Ru.
Ru was aware of your devotion.
You visited 1 branch of the dungeon, and saw 7 of its levels.

You collected 250 gold pieces.

Inventory:

Hand Weapons
 a - a +1 hand crossbow (weapon)
 k - a +2 short sword of draining
Armour
 b - a +0 leather armour (worn)
 h - a +0 helmet (worn)
Jewellery
 f - a ring of resist corrosion (left hand)
 o - a ring of protection from fire (right hand)
Wands
 q - a wand of paralysis (33)
Scrolls
 e - a scroll of vulnerability {unknown}
 g - a scroll of amnesia {unknown}
 i - a scroll of enchant armour {unknown}
 l - a scroll of fog
 p - 2 scrolls of blinking {unknown}
 s - a scroll of acquirement {unknown}
Potions
 j - a potion of flight {unknown}
 m - a potion of resistance {unknown}
 n - 2 potions of attraction
 u - a potion of ambrosia {unknown}
 v - a potion of invisibility {unknown}


   Skills:
 + Level 4.6 Fighting
 + Level 8.0 Crossbows
 + Level 4.1 Dodging
 - Level 0.8 Stealth


You had 6 spell levels left.
You didn't know any spells.
Your spell library contained the following spells:

 Spells                   Type           Power      Damage    Failure   Level
 Animate Skeleton         Necr           0%         N/A       45%         1
 Apportation              Tloc           0%         N/A       45%         1
 Summon Small Mammal      Summ           0%         N/A       45%         1
 Dazzling Flash           Conj/Hex       0%         N/A       83%         3
 Iskenderun's Mystic Bla  Conj/Tloc      0%         2d3       99%         4
 Starburst                Conj/Fire      0%         6d3       100%        6


Dungeon Overview and Level Annotations

Branches:
Dungeon (7/15)
 Temple: D:4-7

Altars:
Ru
Beogh

Annotations:
D:4 Grinder
D:5 Prince Ribbit


Innate Abilities, Weirdness & Mutations

You are amphibious.
You cover ground slowly.
You sometimes lose the ability to read scrolls when taking damage.
You can hop short distances.
You have an extended range of vision and can be seen from far away.


Message History

You shoot a bolt. The bolt closely misses Prince Ribbit.
Prince Ribbit hops awkwardly around.
Prince Ribbit blinks!
Shoot: a) +1 hand crossbow
Press: ? - help, Q - select action, (/) - cycle Shift-Dir - straight line, f/p - Prince Ribbit
Aim: Prince Ribbit (moderately wounded, 52% to hit)
You shoot a bolt. The bolt barely misses Prince Ribbit.
Unknown command.
Shoot: a) +1 hand crossbow
Press: ? - help, Q - select action, (/) - cycle Shift-Dir - straight line, f/p - Prince Ribbit
Aim: Prince Ribbit (moderately wounded, 52% to hit)
You shoot a bolt. The bolt misses Prince Ribbit.
Unknown command.
Shoot: a) +1 hand crossbow
Press: ? - help, Q - select action, (/) - cycle Shift-Dir - straight line, f/p - Prince Ribbit
Aim: Prince Ribbit (moderately wounded, 52% to hit)
You shoot a bolt. The bolt misses Prince Ribbit.
Unknown command.
Prince Ribbit catches a mouse with his tongue.
Prince Ribbit barely misses you.
Prince Ribbit blinks!
Prince Ribbit hits you!
* * * LOW HITPOINT WARNING * * *
Prince Ribbit barely misses you. Prince Ribbit attacks as you move away!
Prince Ribbit hits you but does no damage.
Prince Ribbit barely misses you. Prince Ribbit attacks as you move away!
Prince Ribbit hits you.
* * * LOW HITPOINT WARNING * * *
Okay, then.
Aiming: Paralyse
Press: ? - help, Shift-Dir - straight line, f/p - Prince Ribbit
Aim: Prince Ribbit (moderately wounded, chance to affect: 31%)
Okay, then.
You cannot read scrolls in your current state!
Unknown command.
You feel yourself speed up.
Prince Ribbit is stunned by your conviction and fails to attack.
Prince Ribbit hits you.
You die...

#......#####.##.######.....#
#....##....#.##+##.........#
#....#..#.....+..#....###'##
#....#..#.....#..#....#.....
#####....#######+#####....#.....
...........................##'###
.................................
...............................<.
...............F@................
..#+######....#############......
.. #...#....#.....#.....####### .
+...#....#.....#.......[...'
#...'....#.....##....##....#
..#####'##....####'###....##....#
..............#...........##....#
..............#...........#.....#
##............#...........'.....#


You could see Prince Ribbit.

Vanquished Creatures
  Eustachio (D:5)
  Menkaure (D:5)
  An ogre (D:4)
  A necrophage (D:5)
  A scorpion (D:5)
  2 hounds
  2 iguanas
  5 adders
  4 gnolls (D:5)
  A white imp (D:6)
  2 worms (D:3)
  A dart slug (D:3)
  12 orcs
  5 bats
  7 endoplasms
  5 giant cockroaches
  10 goblins
  4 hobgoblins
  3 quokkas
  5 ball pythons
  3 frilled lizards
  5 kobolds
  6 rats
87 creatures vanquished.

Notes
Turn   | Place    | Note
-------+----------+-------------------------------------------
     0 | D:1      | Illumine the Barachi Hunter began the quest for the Orb.
     0 | D:1      | Reached XP level 1. HP: 17/17 MP: 1/1
    65 | D:1      | You fall into a shaft and drop 1 floor!
   252 | D:2      | Reached XP level 2. HP: 23/23 MP: 2/2
   753 | D:2      | Reached XP level 3. HP: 27/28 MP: 3/3
   827 | D:1      | Reached skill level 5 in Crossbows
  1412 | D:2      | Found a faded altar of an unknown god.
  1955 | D:3      | Reached XP level 4. HP: 34/34 MP: 4/4
  2470 | D:4      | Found a sacrificial altar of Ru.
  2499 | D:4      | Reached skill level 6 in Crossbows
  2499 | D:4      | Reached XP level 5. HP: 21/39 MP: 5/5
  2502 | D:4      | Became a worshipper of Ru the Awakened
  2769 | D:4      | Noticed Grinder
  2895 | D:5      | Entered Level 5 of the Dungeon
  3315 | D:6      | Noticed a steam dragon
  3372 | D:5      | Noticed Prince Ribbit
  3471 | D:5      | Reached skill level 7 in Crossbows
  3471 | D:5      | Reached XP level 6. HP: 25/46 MP: 6/6
  4008 | D:5      | Noticed Menkaure
  4009 | D:5      | Noticed Eustachio
  4852 | D:5      | Killed Menkaure
  4853 | D:5      | Reached XP level 7. HP: 33/53 MP: 7/7
  4898 | D:5      | HP: 1/53 [Eustachio/+0 rapier (6)]
  4906 | D:5      | Killed Eustachio
  5371 | D:4      | Reached skill level 8 in Crossbows
  5438 | D:4      | Paralysed by Grinder for 3 turns
  5451 | D:4      | Paralysed by Grinder for 2 turns
  5467 | D:4      | Paralysed by Grinder for 4 turns
  5638 | D:5      | Gained mutation: You sometimes lose the ability to read
                  | scrolls when taking damage. [Ru sacrifice]
  5638 | D:5      | Reached * piety under Ru
  5660 | D:5      | HP: 2/55 [Prince Ribbit (6)]
  5661 | D:5      | Slain by Prince Ribbit

Illustrated notes

Levels and vault maps discovered:
D:1:      minmay_arrival_up_and_down, layout_loops_ring
D:2:      layout_basic, hellmonk_ecumenical_altar_defaced_shrine
D:3:      minmay_evil_eye, layout_rooms, dreamdust_princess_bridge,
          kennysheep_generic_room_2
D:4:      layout_layer_cave, old_standard_altar, kennysheep_pointless_box,
          uniq_grinder
D:5:      layout_gridville, goddamned_bats, uniq_menkaure, uniq_eustachio,
          uniq_prince_ribbit1
D:6:      layout_cave_pools, st_stairs_4
D:7:      layout_gridville, minmay_temple_entry_slanted

Skill      XL: |  1  2  3  4  5  6  7 |
---------------+----------------------+-----
Crossbows      | 5 6 7 8 |  8.0
Fighting       | 3 4 |  4.6
Dodging        | 3 4 |  4.1
Stealth        | |  0.8

Action                   |  1- 3 |  4- 6 |  7- 9 || total
-------------------------+-------+-------+-------++-------
Melee: Unarmed           |       |       |     7 ||     7
 Fire: Hand crossbow     |    95 |   180 |    60 ||   335
Invok: Sacrifice Words   |       |       |     1 ||     1
 Abil: Hop               |       |     5 |     1 ||     6
  Use: Scroll            |       |     9 |       ||     9
       Potion            |       |     4 |     1 ||     5
Armor: Leather armour    |    10 |    34 |     3 ||    47
       Skin              |       |       |     4 ||     4
Dodge: Dodged            |    20 |    84 |    18 ||   122

Table legend: (Time is in decaauts)
 A = Elapsed time spent in this place.
 B = Non-inter-level travel time spent in this place.
 C = Inter-level travel time spent in this place.
 D = Time resting spent in this place.
 E = Time spent auto-exploring this place.
 F = Levels seen in this place.
 G = Mean time per level.
                   A        B        C        D        E       F      G
               +--------+--------+--------+--------+--------+-----+--------+
         Total |   6281 |   6039 |    242 |   1745 |   3218 |   7 |  897.3 |
       Dungeon |   6281 |   6039 |    242 |   1745 |   3218 |   7 |  897.3 |
               +--------+--------+--------+--------+--------+-----+--------+

Top non-repeatable levels by time:
     D:5: 1687 daAuts
     D:2: 1454 daAuts
     D:4: 1361 daAuts
     D:1: 717 daAuts
     D:3: 699 daAuts
     D:7: 234 daAuts
     D:6: 127 daAuts
